cohdb
Replays
Latest Replays
All Replays
Popular Replays
Top Player Replays
Match Explorer
How It Works
Community
CoH3 Stats
Reddit
Sign in to upload your games and track your stats! →
Sign in with Steam
Match 43046102
Unlisted
Match 43046102
Overview
Messages
Build Orders
End
Construct Section Command Post
Infantry Section
Infantry Section
Grenade Package
Construct Field Infirmary
Selects Canadian Shock Battlegroup
Selects Incendiary Munitions
ML 3-inch Mortar Team
Construct Platoon Command Post
Vickers Machine Gun Team
6-pounder Anti-tank Gun Team
Construct Company Command Post
Selects Attacking Spirit
Selects Canadian Shock Section
Canadian Shock Section
CMP 15cwt Truck
Crusader II Medium Tank
Selects Pyrotechnics
6-pounder Anti-tank Gun Team
Crusader II Medium Tank
Royal Engineer Section
Selects Smoke Operation
Crusader II Medium Tank
Smoke Operation
Selects Churchill Crocodile Heavy Tank
Churchill Crocodile Heavy Tank
Foot Guards Section
Royal Engineer Section
Matilda II Heavy Tank
Matilda II Heavy Tank
Smoke Operation
Foot Guards Section
Canadian Shock Section
Royal Engineer Section
6-pounder Anti-tank Gun Team
BUBBA_ACTUAL
JollyRedRockett
Evil
Keos
DeathMiz
tre-_-cool
0
0
Comments
sign in to comment!
No comments posted yet!